TOP OF THE 1ST |
New Hampshire Fisher Cats batting - Pitching for Wichita Wranglers : RHP George Lockhart
|
Pitching: RHP George Lockhart
|
|
Batting: LHB Tony Rivera
|
0-0: Ball 1-0: Called Strike 1-1: Ball 2-1: Ball 3-1: Base on Balls
|
Pitching: RHP José Vargas
|
|
Batting: RHB Michael Kent
|
0-0: Ball 1-0: Ball 2-0: Foul Ball, location: 2F 2-1: Called Strike 2-2: Ball 3-2: Foul Ball, location: 2F 3-2: SINGLE (Groundball, 34D) Tony Rivera to second Runner from 2nd tries for 3rd, SAFE, throw made to third
|
Batting: LHB Cam Flowers
|
0-0: SINGLE (Line Drive, 8RS) Tony Rivera scores Michael Kent to second
|
Batting: SHB Ken Hernández
|
0-0: Called Strike 0-1: Fly out, F7 (Flyball, 78D)
|
Batting: RHB Felipe Rivas
|
0-0: Ball 1-0: Ball 2-0: Ball 3-0: Called Strike 3-1: Foul Ball, location: 2F 3-2: Foul Ball, location: 2F 3-2: Fly out, F9 (Flyball, 9M) Runner from 2nd tags up, SAFE at 3rd with throw
|
Batting: RHB Si-xun Li
|
0-0: SINGLE (Flyball, 7LS) Michael Kent scores Cam Flowers to second
|
Batting: RHB Benjamin Lawson
|
0-0: Ball 1-0: Foul Ball, location: 2F 1-1: Called Strike 1-2: Ball 2-2: Strikes out swinging
|
Top of the 1st over - 2 run(s), 3 hit(s), 0 error(s), 2 left on base; New Hampshire 2 - Wichita 0 |
BOTTOM OF THE 1ST |
Wichita Wranglers batting - Pitching for New Hampshire Fisher Cats : RHP Alfredo Montalvo
|
Pitching: RHP Alfredo Montalvo
|
|
Batting: LHB Bill Frazier
|
0-0: Foul Ball, location: 2F 0-1: Ball 1-1: Ground out U3 (Groundball, 3L)
|
Batting: SHB Giancarlo Giannini
|
0-0: Ball 1-0: Fly out, F9 (Flyball, 89S)
|
Batting: RHB Don Thomas
|
0-0: Called Strike 0-1: Called Strike 0-2: Strikes out looking
|
Bottom of the 1st over - 0 run(s), 0 hit(s), 0 error(s), 0 left on base; New Hampshire 2 - Wichita 0 |
TOP OF THE 2ND |
New Hampshire Fisher Cats batting - Pitching for Wichita Wranglers : RHP José Vargas
|
Batting: RHB Franklin Lawrence
|
0-0: Ball 1-0: Called Strike 1-1: Ball 2-1: Ball 3-1: Foul Ball, location: 2F 3-2: Ground out 4-3 (Groundball, 4)
|
Batting: SHB Keith Gratton
|
0-0: Called Strike 0-1: Ball 1-1: Ball 2-1: Foul Ball, location: 2F 2-2: Ground out 6-3 (Groundball, 6M)
|
Batting: LHB Tony Rivera
|
0-0: Ball 1-0: Ball 2-0: Ball 3-0: Base on Balls
|
Batting: RHB Michael Kent
|
0-0: Ball 1-0: Ball 2-0: Called Strike 2-1: Called Strike 2-2: Foul Ball, location: 2F 2-2: Ball 3-2: Foul Ball, location: 2F 3-2: Base on Balls Tony Rivera to second
|
Batting: LHB Cam Flowers
|
0-0: Called Strike 0-1: Ball 1-1: Swinging Strike 1-2: Strikes out swinging
|
Top of the 2nd over - 0 run(s), 0 hit(s), 0 error(s), 2 left on base; New Hampshire 2 - Wichita 0 |
BOTTOM OF THE 2ND |
Wichita Wranglers batting - Pitching for New Hampshire Fisher Cats : RHP Alfredo Montalvo
|
Batting: SHB Javier Peña
|
0-0: Ball 1-0: Foul Ball, location: 2F 1-1: Ground out 3-1 (Groundball, 34)
|
Batting: RHB Ed Watkins
|
0-0: Ball 1-0: Foul Ball, location: 2F 1-1: Foul Ball, location: 2F 1-2: Fly out, F8 (Line Drive, 8RXD)
|
Batting: LHB Alfredo Sánchez
|
0-0: Foul Ball, location: 2F 0-1: Called Strike 0-2: Ball 1-2: Strikes out looking
|
Bottom of the 2nd over - 0 run(s), 0 hit(s), 0 error(s), 0 left on base; New Hampshire 2 - Wichita 0 |
TOP OF THE 3RD |
New Hampshire Fisher Cats batting - Pitching for Wichita Wranglers : RHP José Vargas
|
Batting: SHB Ken Hernández
|
0-0: Ball 1-0: Fly out, F8 (Flyball, 8LD)
|
Batting: RHB Felipe Rivas
|
0-0: Ball 1-0: Ball 2-0: SINGLE (Line Drive, 89S)
|
Batting: RHB Si-xun Li
|
0-0: Called Strike 0-1: Ball 1-1: Fly out, F8 (Flyball, 89D)
|
Batting: RHB Benjamin Lawson
|
0-0: Called Strike 0-1: Called Strike 0-2: Strikes out looking
|
Top of the 3rd over - 0 run(s), 1 hit(s), 0 error(s), 1 left on base; New Hampshire 2 - Wichita 0 |
BOTTOM OF THE 3RD |
Wichita Wranglers batting - Pitching for New Hampshire Fisher Cats : RHP Alfredo Montalvo
|
Batting: RHB Werner Watkins
|
0-0: Foul Ball, location: 2F 0-1: Ball 1-1: Called Strike 1-2: Foul Ball, location: 2F 1-2: Ball 2-2: Foul Ball, location: 2F 2-2: SOLO HOME RUN (Flyball, 8LXD), Distance : 420 ft
|
Batting: RHB Dave Henderson
|
0-0: Fly out, F7 (Line Drive, 7M)
|
Batting: RHB Ralph Lambert
|
0-0: Ball 1-0: Ball 2-0: Called Strike 2-1: Ball 3-1: Fly out, F4 (Popup, 3F)
|
Batting: LHB Bill Frazier
|
0-0: Swinging Strike 0-1: Swinging Strike 0-2: Ball 1-2: Fly out, F2 (Popup, 2LF)
|
Bottom of the 3rd over - 1 run(s), 1 hit(s), 0 error(s), 0 left on base; New Hampshire 2 - Wichita 1 |
TOP OF THE 4TH |
New Hampshire Fisher Cats batting - Pitching for Wichita Wranglers : RHP José Vargas
|
Batting: RHB Franklin Lawrence
|
0-0: Foul Ball, location: 2F 0-1: Foul Ball, location: 2F 0-2: Ball 1-2: Fly out, F9 (Flyball, 89XD)
|
Batting: SHB Keith Gratton
|
0-0: Fly out, F8 (Flyball, 78M)
|
Batting: LHB Tony Rivera
|
0-0: Ball 1-0: Called Strike 1-1: Foul Ball, location: 2F 1-2: Strikes out looking
|
Top of the 4th over - 0 run(s), 0 hit(s), 0 error(s), 0 left on base; New Hampshire 2 - Wichita 1 |
BOTTOM OF THE 4TH |
Wichita Wranglers batting - Pitching for New Hampshire Fisher Cats : RHP Alfredo Montalvo
|
Batting: SHB Giancarlo Giannini
|
0-0: Ball 1-0: Ball 2-0: Foul Ball, location: 2F 2-1: Called Strike 2-2: Foul Ball, location: 2F 2-2: SOLO HOME RUN (Flyball, 9LD), Distance : 335 ft
|
Batting: RHB Don Thomas
|
0-0: Ball 1-0: Foul Ball, location: 2F 1-1: Ground out 5-3 (Groundball, 56S)
|
Batting: SHB Javier Peña
|
0-0: Foul Ball, location: 2F 0-1: Foul Ball, location: 2F 0-2: Strikes out swinging
|
Batting: RHB Ed Watkins
|
0-0: Ball 1-0: Called Strike 1-1: Foul Ball, location: 2F 1-2: Ball 2-2: Strikes out swinging
|
Bottom of the 4th over - 1 run(s), 1 hit(s), 0 error(s), 0 left on base; New Hampshire 2 - Wichita 2 |
TOP OF THE 5TH |
New Hampshire Fisher Cats batting - Pitching for Wichita Wranglers : RHP José Vargas
|
Batting: RHB Michael Kent
|
0-0: Called Strike 0-1: Ball 1-1: Ball 2-1: Called Strike 2-2: Ball Single, Error in OF, E8, batter to second base
|
Batting: LHB Cam Flowers
|
0-0: Called Strike 0-1: Called Strike 0-2: Ball 1-2: Foul Ball, location: 2F 1-2: Ball 2-2: Fly out, F9 (Flyball, 9D) Runner from 2nd tags up, SAFE at 3rd, no throw
|
Batting: SHB Ken Hernández
|
0-0: Called Strike 0-1: Ball 1-1: Called Strike 1-2: Ball 2-2: Foul Ball, location: 2F 2-2: Foul Ball, location: 2F 2-2: Ball 3-2: Ground out 6-3 (Groundball, 6)
|
Batting: RHB Felipe Rivas
|
0-0: Called Strike 0-1: Foul Ball, location: 2F 0-2: Ball 1-2: Foul Ball, location: 2F 1-2: Ball 2-2: Ball 3-2: Foul Ball, location: 2F 3-2: Base on Balls
|
Pitching: RHP Luis Pérez
|
|
Batting: RHB Si-xun Li
|
0-0: Ball 1-0: Called Strike 1-1: Called Strike 1-2: Fielders Choice at 2nd, U6 (Groundball, 6M)
|
Top of the 5th over - 0 run(s), 1 hit(s), 1 error(s), 2 left on base; New Hampshire 2 - Wichita 2 |
BOTTOM OF THE 5TH |
Wichita Wranglers batting - Pitching for New Hampshire Fisher Cats : RHP Alfredo Montalvo
|
Batting: LHB Alfredo Sánchez
|
0-0: Ball 1-0: Ball 2-0: Called Strike 2-1: Swinging Strike 2-2: Strikes out swinging
|
Batting: RHB Werner Watkins
|
0-0: Called Strike 0-1: Ball 1-1: Ball 2-1: Ball 3-1: Ground out 4-3 (Groundball, 4)
|
Batting: RHB Dave Henderson
|
0-0: Called Strike 0-1: Ball 1-1: SINGLE (Groundball, 25) (infield hit)
|
Batting: RHB Ralph Lambert
|
0-0: Ball 1-0: Foul Ball, location: 2F 1-1: Foul Ball, location: 2F 1-2: Strikes out looking
|
Bottom of the 5th over - 0 run(s), 1 hit(s), 0 error(s), 1 left on base; New Hampshire 2 - Wichita 2 |
TOP OF THE 6TH |
New Hampshire Fisher Cats batting - Pitching for Wichita Wranglers : RHP Luis Pérez
|
Batting: RHB Benjamin Lawson
|
0-0: Fly out, F7 (Line Drive, 7LM)
|
Batting: RHB Franklin Lawrence
|
0-0: Ball 1-0: Ball 2-0: Called Strike 2-1: Called Strike 2-2: Foul Ball, location: 2F 2-2: Strikes out swinging
|
Batting: SHB Keith Gratton
|
0-0: Ball 1-0: Foul Ball, location: 2F 1-1: Called Strike 1-2: Strikes out swinging
|
Top of the 6th over - 0 run(s), 0 hit(s), 0 error(s), 0 left on base; New Hampshire 2 - Wichita 2 |
BOTTOM OF THE 6TH |
Wichita Wranglers batting - Pitching for New Hampshire Fisher Cats : RHP Alfredo Montalvo
|
Batting: LHB Bill Frazier
|
0-0: Called Strike 0-1: Called Strike 0-2: Ball 1-2: Strikes out swinging
|
Batting: SHB Giancarlo Giannini
|
0-0: Ball 1-0: Called Strike 1-1: Ball 2-1: Called Strike 2-2: Strikes out looking
|
Batting: RHB Don Thomas
|
0-0: Foul Ball, location: 2F 0-1: Ball 1-1: Fly out, F6 (Popup, 56D)
|
Bottom of the 6th over - 0 run(s), 0 hit(s), 0 error(s), 0 left on base; New Hampshire 2 - Wichita 2 |
TOP OF THE 7TH |
New Hampshire Fisher Cats batting - Pitching for Wichita Wranglers : RHP Luis Pérez
|
Batting: LHB Tony Rivera
|
0-0: Ball 1-0: Ball 2-0: Ball 3-0: Called Strike 3-1: Base on Balls
|
Batting: RHB Michael Kent
|
0-0: Ball 1-0: Ball 2-0: Bunted foul 2-1: Sac Bunt - play at first, batter OUT! 1-4 Tony Rivera to second
|
Batting: LHB Cam Flowers
|
0-0: Ball 1-0: Ground out 4-3 (Groundball, 4) Tony Rivera to third
|
Batting: SHB Ken Hernández
|
0-0: Ball 1-0: Ball 2-0: Ball 3-0: Called Strike 3-1: 2-RUN HOME RUN (Line Drive, 78XD), Distance : 403 ft
|
Batting: RHB Felipe Rivas
|
0-0: Called Strike 0-1: Swinging Strike 0-2: Strikes out swinging
|
Top of the 7th over - 2 run(s), 1 hit(s), 0 error(s), 0 left on base; New Hampshire 4 - Wichita 2 |
BOTTOM OF THE 7TH |
Wichita Wranglers batting - Pitching for New Hampshire Fisher Cats : RHP Alfredo Montalvo
|
Batting: SHB Javier Peña
|
0-0: Ball 1-0: Called Strike 1-1: SINGLE (Groundball, 34D)
|
Batting: RHB Ed Watkins
|
0-0: SINGLE (Groundball, 56D) (infield hit) Javier Peña to second
|
Batting: LHB Alfredo Sánchez
|
0-0: Called Strike 0-1: Called Strike 0-2: Grounds into double play, 4-6-3 (Groundball, 34) Javier Peña to third
|
Batting: RHB Werner Watkins
|
0-0: Swinging Strike 0-1: Ball 1-1: Swinging Strike 1-2: Foul Ball, location: 2F 1-2: Ball 2-2: Foul Ball, location: 2F 2-2: SINGLE (Line Drive, 89S) Javier Peña scores
|
Pitching: LHP David Richardson
|
|
Batting: RHB Dave Henderson
|
0-0: Ball 1-0: Ball 2-0: Foul Ball, location: 2F 2-1: Foul Ball, location: 2F 2-2: Ball 3-2: Base on Balls Werner Watkins to second
|
Batting: RHB Ralph Lambert
|
0-0: Foul Ball, location: 2F 0-1: Ball 1-1: Foul Ball, location: 2F 1-2: Ball 2-2: SINGLE (Line Drive, 89S) Werner Watkins to third Dave Henderson to second Runner from 3rd tries for Home, SAFE, no throw or cutoff
|
Batting: LHB Bill Frazier
|
0-0: Called Strike 0-1: Ball 1-1: Ball 2-1: Foul Ball, location: 2F 2-2: SINGLE (Line Drive, 4D) Dave Henderson to third Ralph Lambert to second Runner from 3rd tries for Home, SAFE, no throw or cutoff
|
Batting: SHB Giancarlo Giannini
|
0-0: Ball 1-0: Ball 2-0: SINGLE (Groundball, 6) Ralph Lambert to third Bill Frazier to second Runner from 3rd tries for Home, SAFE, no throw or cutoff
|
Pitching: RHP Jesús Ortíz
|
|
Batting: RHB Don Thomas
|
0-0: DOUBLE (Flyball, 89XD) Bill Frazier scores Giancarlo Giannini to third Runner from 3rd tries for Home, SAFE, no throw or cutoff
|
Batting: SHB Javier Peña
|
0-0: Foul Ball, location: 2F 0-1: Swinging Strike 0-2: Ball 1-2: Foul Ball, location: 2F 1-2: Ground out 2-3 (Groundball, 2R)
|
Bottom of the 7th over - 6 run(s), 7 hit(s), 0 error(s), 1 left on base; New Hampshire 4 - Wichita 8 |
TOP OF THE 8TH |
New Hampshire Fisher Cats batting - Pitching for Wichita Wranglers : RHP Luis Pérez
|
Pitching: RHP Craig Adams
|
|
Batting: RHB Si-xun Li
|
0-0: Hit by Pitch
|
Batting: RHB Benjamin Lawson
|
0-0: DOUBLE (Line Drive, 8RXD) Si-xun Li to third Runner from 3rd tries for Home, SAFE, no throw or cutoff
|
Batting: RHB Franklin Lawrence
|
0-0: Called Strike 0-1: Ball 1-1: Ball 2-1: Called Strike 2-2: SINGLE (Groundball, 56) Benjamin Lawson to third Runner from 3rd tries for Home, SAFE, no throw or cutoff
|
Batting: SHB Keith Gratton
|
0-0: Called Strike 0-1: Ball 1-1: Called Strike 1-2: Strikes out swinging
|
Pitching: LHP Jorge Ybarra
|
|
Batting: LHB Tony Rivera
|
0-0: Ball 1-0: Ball 2-0: SINGLE (Groundball, 34D) Franklin Lawrence to second Throwing error, E9 Franklin Lawrence scores Tony Rivera to second
|
Pitching: RHP Todd Brewster
|
|
Batting: RHB Michael Kent
|
0-0: Ball 1-0: Ball 2-0: Called Strike 2-1: Foul Ball, location: 2F 2-2: Ball 3-2: Strikes out swinging
|
Pitching: LHP Fred Villa
|
|
Batting: LHB Cam Flowers
|
0-0: Called Strike 0-1: Ball 1-1: Foul Ball, location: 2F 1-2: Foul Ball, location: 2F 1-2: Ground out 3-1 (Groundball, 34)
|
Top of the 8th over - 3 run(s), 3 hit(s), 1 error(s), 1 left on base; New Hampshire 7 - Wichita 8 |
BOTTOM OF THE 8TH |
Wichita Wranglers batting - Pitching for New Hampshire Fisher Cats : RHP Jesús Ortíz
|
Batting: RHB Ed Watkins
|
0-0: Ball 1-0: Ball 2-0: Ball 3-0: Called Strike 3-1: Swinging Strike 3-2: Foul Ball, location: 2F 3-2: Reached on error, E6 (Groundball, 6)
|
Batting: LHB Alfredo Sánchez
|
0-0: Grounds into double play, 3-6-3 (Groundball, 3)
|
Batting: RHB Werner Watkins
|
0-0: Called Strike 0-1: Ground out 5-3 (Groundball, 5S)
|
Bottom of the 8th over - 0 run(s), 0 hit(s), 1 error(s), 0 left on base; New Hampshire 7 - Wichita 8 |
TOP OF THE 9TH |
New Hampshire Fisher Cats batting - Pitching for Wichita Wranglers : LHP Fred Villa
|
Pitching: LHP John Livingston
|
|
Now at C: Eric Peterson
|
|
Now at 3B: James Stevens
|
|
Batting: SHB Ken Hernández
|
0-0: Ball 1-0: Foul Ball, location: 2F 1-1: Ball 2-1: Called Strike 2-2: Foul Ball, location: 2F 2-2: Foul Ball, location: 2F 2-2: Ball 3-2: Foul Ball, location: 2F 3-2: Ground out 3-1 (Groundball, 34)
|
Batting: RHB Felipe Rivas
|
0-0: Ball 1-0: Called Strike 1-1: Foul Ball, location: 2F 1-2: Ball 2-2: Strikes out swinging
|
Batting: RHB Si-xun Li
|
0-0: Foul Ball, location: 2F 0-1: Swinging Strike 0-2: Ball 1-2: SINGLE (Groundball, 6MD) (infield hit)
|
Batting: RHB Benjamin Lawson
|
0-0: Ball 1-0: Called Strike 1-1: Ground out 1-3 (Groundball, 25)
|
Top of the 9th over - 0 run(s), 1 hit(s), 0 error(s), 1 left on base; New Hampshire 7 - Wichita 8 |
|